 Dungeon Crawl Stone Soup version 0.24-a0-375-g4de66ed42b (console) character file.

Game seed: 4746146045378338645

315 Lexodia the Shield-Bearer (level 6, -3/61 HPs)
             Began as a Troll Fighter on May 31, 2019.
             Slain by a gnoll
             ... wielding a +0 flail
              (10 damage)
             ... on level 4 of the Dungeon.
             The game lasted 00:06:37 (2698 turns).

Lexodia the Shield-Bearer (Troll Fighter)           Turns: 2698, Time: 00:06:38

Health: -3/61      AC:  6    Str: 26    XL:     6   Next: 20%
Magic:  5/5        EV:  8    Int:  4    God:
Gold:   154        SH:  9    Dex: 10    Spells: 5/5 levels left

rFire    . . .     SeeInvis .     - Unarmed
rCold    . . .     Gourm    +   b - +0 shield
rNeg     . . .     Faith    .   a - +0 robe
rPois    .         Spirit   .   (helmet restricted)
rElec    .         Reflect  .   (no cloak)
rCorr    .         Harm     .   (gloves unavailable)
MR       .....                  (boots unavailable)
Stlth    +.........             (no amulet)
HPRegen  0.60/turn              (no ring)
MPRegen  0.09/turn              (no ring)

@: no status effects
A: large, unfitting armour, claws 3, fast metabolism 3, gourmand, regeneration
1, shaggy fur 1, tough skin 3
a: no special abilities


You were on level 4 of the Dungeon.
You were full.

You visited 1 branch of the dungeon, and saw 4 of its levels.

You collected 154 gold pieces.

Inventory:

Missiles
 e - 130 stones (quivered)
Armour
 a - a +0 robe (worn)
 b - a +0 shield (worn)
Jewellery
 p - an uncursed ring of protection from fire
Wands
 h - a wand of flame (23)
 r - a wand of polymorph (6)
Scrolls
 g - 2 scrolls of teleportation {unknown}
 i - a scroll of magic mapping
 l - a scroll of amnesia {unknown}
 s - a scroll of enchant weapon {unknown}
Potions
 c - a potion of might
 j - a potion of invisibility
 m - a potion of haste {unknown}
 n - a potion of curing {unknown}
 o - a potion of lignification {unknown}
 q - a potion of flight {unknown}
Comestibles
 d - 10 rations


   Skills:
 - Level 3.0 Fighting
 + Level 2.2 Throwing
 - Level 1.0 Armour
 - Level 3.0 Dodging
 - Level 1.0 Stealth
 + Level 3.4 Shields
 + Level 3.2 Unarmed Combat


You had 5 spell levels left.
You didn't know any spells.
Your spell library contained the following spells:

 Spells                   Type           Power        Failure   Level  Hunger
 Magic Dart               Conj           #...         88%         1    ##.....
 Blink                    Tloc           N/A          96%         2    ###....
 Call Imp                 Summ           #.......     96%         2    ###....
 Slow                     Hex            #.......     96%         2    ###....
 Conjure Flame            Conj/Fire      #.......     99%         3    ####...
 Mephitic Cloud           Conj/Pois/Air  #.......     99%         3    ####...


Dungeon Overview and Level Annotations

Branches:
Dungeon (4/15)             Temple (0/1) D:4

Altars:
Elyvilon
Makhleb
Uskayaw
Vehumet


Innate Abilities, Weirdness & Mutations

You are too large for most types of armour.
You have claws for hands.
Your metabolism is lightning-fast.
You like to eat raw meat.
Your natural rate of healing is unusually fast.
You are covered in fur. (AC +1)
You have extremely tough skin. (AC +3)


Message History

You block the gnoll's attack.
The orc wizard gestures wildly while chanting.
The orc wizard blinks!
You block the gnoll's attack.
You scratch the gnoll but do no damage.
The gnoll is almost dead.
The gnoll hits you with a +0 flail.
The orc wizard hits you but does no damage.
Damage: -1%(-1hp) hp: 32%(19hp)
You closely miss the gnoll.
The gnoll is almost dead.
The gnoll hits you but does no damage. You block the orc wizard's attack.
The gnoll hits you with a +0 flail!
* * * LOW HITPOINT WARNING * * *
Huge Dmg: -20%(-12hp) hp: 12%(7hp)
You scratch the orc wizard but do no damage.
You block the orc wizard's attack.
The gnoll hits you from afar with a +0 spear.
* * * LOW HITPOINT WARNING * * *
The gnoll hits you with a +0 flail!
You die...

#### ..# .#. #o#
.... #@# .... #g#
#... # #g#
#..#######.# #g#
.......... #.#
.#.##.#.########.#
...........g.g...#
.#.##.#...o.g......#
.#)####+#########.##


You could see an orc wizard and 3 gnolls.

Vanquished Creatures
  2 orc priests (D:3)
  A centaur skeleton (D:4)
  Jessica (D:2)
  An orc wizard (D:3)
  Robin (D:2)
  A gnoll (D:4)
  4 adders (D:2)
  An ooze (D:2)
  A worm (D:3)
  2 dart slugs (D:2)
  3 leopard geckos
  10 orcs
  10 bats
  5 giant cockroaches
  4 hobgoblins (D:1)
  7 jackals
  2 quokkas (D:3)
  2 ball pythons
  4 frilled lizards
  17 goblins
  12 kobolds
  4 rats
95 creatures vanquished.

Notes
Turn   | Place    | Note
-------+----------+-------------------------------------------
     0 | D:1      | Lexodia the Troll Fighter began the quest for the Orb.
     0 | D:1      | Reached XP level 1. HP: 22/22 MP: 0/0
   211 | D:1      | Reached XP level 2. HP: 29/29 MP: 1/1
   903 | D:2      | Found a hide-covered altar of Uskayaw.
   909 | D:2      | Huge Dmg: 6 dmg
   918 | D:2      | Reached XP level 3. HP: 27/36 MP: 2/2
   925 | D:2      | Reached skill level 1 in Throwing
  1029 | D:2      | Found a radiant altar of Vehumet.
  1037 | D:2      | Found a burning altar of Makhleb.
  1112 | D:2      | Noticed Robin
  1133 | D:2      | Reached XP level 4. HP: 39/44 MP: 3/3
  1157 | D:2      | Killed Robin
  1181 | D:2      | Found a white marble altar of Elyvilon.
  1202 | D:2      | Noticed Jessica
  1206 | D:2      | Killed Jessica
  1218 | D:2      | Reached skill level 1 in Armour
  1572 | D:2      | Reached XP level 5. HP: 49/52 MP: 4/4
  2070 | D:3      | Reached skill level 1 in Stealth
  2222 | D:3      | Reached XP level 6. HP: 59/61 MP: 5/5
  2637 | D:4      | Found a staircase to the Ecumenical Temple.
  2656 | D:4      | Huge Dmg: 18 dmg
  2668 | D:4      | Huge Dmg: 7 dmg
  2689 | D:4      | Huge Dmg: 11 dmg
  2698 | D:4      | Huge Dmg: 12 dmg
  2698 | D:4      | Slain by a gnoll

Levels and vault maps discovered:
D:1:      ncdulo_wetmaze, layout_loops_ring, serial_forest,
          infiniplex_forest_straight_4, infiniplex_forest_clump_small,
          infiniplex_forest_end_double, infiniplex_forest_straight_3,
          infiniplex_forest_straight_1, infiniplex_forest_lined_2,
          minmay_liquid_box, serial_park_tiny_2, minmay_tree_intersection,
          minmay_misc_feat_tower
D:2:      layout_basic, grunt_temple_overflow_open, elyvilon_altar_3,
          eat_drink_and_be_merry_uskayaw, uniq_robin, uniq_jessica
D:3:      layout_basic, kennysheep_small_spiral, chequers_serial_rivers_small_3
D:4:      layout_basic, kennysheep_little_box, minmay_temple_entry_trees,
          portal_sewer_entry_a, gammafunk_ghost_cemetery

Skill      XL: |  1  2  3  4  5 |
---------------+----------------+-----
Throwing       | 1 2 |  2.2
Armour         | 1 |  1.0
Shields        | 3 |  3.4
Dodging        | 3 |  3.0
Fighting       | 3 |  3.0
Stealth        | 1 |  1.0
Unarmed Combat | 3 |  3.2

Action                   |  1- 3 |  4- 6 || total
-------------------------+-------+-------++-------
Melee: Unarmed           |   127 |   185 ||   312
Throw: Stone             |     5 |     2 ||     7
  Use: Scroll            |       |     6 ||     6
       Potion            |       |     1 ||     1
 Stab: Sleeping          |     1 |     1 ||     2
       Distracted        |     1 |       ||     1
  Eat: Chunk             |    16 |    12 ||    28
Armor: Robe              |    54 |    62 ||   116
Dodge: Dodged            |    57 |    58 ||   115
Block: Shield            |    62 |    96 ||   158

Table legend:
 A = Non-vault XP
 B = Vault XP
 C = Vault XP percentage of total XP
 D = Non-vault monster count
 E = Vault monster count
 F = Vault count percentage of total count
                 A         B        C        D         E       F
            +---------+---------+-------+---------+---------+-------
      Total |     378 |      73 |  16.2 |      82 |      13 |  13.7
            +---------+---------+-------+---------+---------+-------
        D:1 |      38 |       0 |   0.0 |      23 |       0 |   0.0
        D:2 |      97 |      73 |  42.9 |      25 |      13 |  34.2
        D:3 |     178 |       0 |   0.0 |      29 |       0 |   0.0
        D:4 |      65 |       0 |   0.0 |       5 |       0 |   0.0
            +---------+---------+-------+---------+---------+-------
